Workbook
Name \A: #REF!
Name \A: #REF!
Name \A: #REF!
Name \A: #REF!
Name \A: #REF!
Name \B: #REF!
Name \B: #REF!
Name \B: #REF!
Name \B: #REF!
Name \B: #REF!
Name \C: #REF!
Name \C: #REF!
Name \C: #REF!
Name \C: #REF!
Name \C: #REF!
Name \D: #REF!
Name \D: #REF!
Name \D: #REF!
Name \D: #REF!
Name \D: #REF!
Name \E: #REF!
Name \E: #REF!
Name \E: #REF!
Name \E: #REF!
Name \E: #REF!
Name \F: #REF!
Name \F: #REF!
Name \F: #REF!
Name \F: #REF!
Name \F: #REF!
Name \G: #REF!
Name \G: #REF!
Name \G: #REF!
Name \G: #REF!
Name \G: #REF!
Name \H: #REF!
Name \H: #REF!
Name \H: #REF!
Name \H: #REF!
Name \H: #REF!
Name \J: #REF!
Name \J: #REF!
Name \J: #REF!
Name \J: #REF!
Name \J: #REF!
Name \K: #REF!
Name \K: #REF!
Name \K: #REF!
Name \K: #REF!
Name \K: #REF!
Name \L: #REF!
Name \L: #REF!
Name \L: #REF!
Name \P: #REF!
Name \P: #REF!
Name \P: #REF!
Name \Q: #REF!
Name \Q: #REF!
Name \Q: #REF!
Name \Q: #REF!

Sheet Summary
A1: NATIONAL ZOOLOGICAL GARDENS OF SOUTH AFRICA - PRETORIA
A3: REPTILE PARK - REPAIR AND RENOVATIONS
A6: SUMMARY OF SCHEDULES
A9: SCHEDULE | B9: DESCRIPTION | F9: AMOUNT
A12: SCHEDULE 1: | B12: PRELIMINARY AND GENERAL
A14: SCHEDULE 2: | B14: BUILDING WORKS
A16: SCHEDULE 3: | B16: PROVISIONAL SUMS
A52: SUB-TOTAL 1
A54: ADD: 10% CONTINGENCIES | D54: 0.05
A56: SUB-TOTAL 2
A58: ADD 15% VAT | D58: 0.15
A60: TOTAL AMOUNT CARRIED TO FORM OF OFFER AND ACCEPTANCE

Sheet P and Gs
A1: =Summary!A1 -> NATIONAL ZOOLOGICAL GARDENS OF SOUTH AFRICA - PRETORIA
A2: =Summary!A3 -> REPTILE PARK - REPAIR AND RENOVATIONS
A3: SCHEDULE 1 : PRELIMINARY AND GENERAL
A5: ITEM | B5: PAYM. | C5: DESCRIPTION | D5: UNIT | E5: QTY | F5: RATE | G5: AMOUNT
A6: NO. | B6: REF.
B8: SABS | C8: PRELIMINARY AND GENERAL
B9: 1200 A
A10: 1.1 | B10: 8.3
A11: 1.1.1 | B11: PSA 4.1 | C11: Contractual Requirements | D11: Sum | E11: 1 | G11: =IF(OR(AND(E11="Prov",F11="Sum"),(F11="PC Sum")),". . . . . . . . .00",IF(ISERR(E11*F11),"",IF(E11*F11=0,"",ROUND(E11*F11,2))))
G12: =IF(OR(AND(E12="Prov",F12="Sum"),(F12="PC Sum")),". . . . . . . . .00",IF(ISERR(E12*F12),"",IF(E12*F12=0,"",ROUND(E12*F12,2))))
A13: 1.1.2 | B13: 8.3.2 | C13: Establish facilities on the site | G13: =IF(OR(AND(E13="Prov",F13="Sum"),(F13="PC Sum")),". . . . . . . . .00",IF(ISERR(E13*F13),"",IF(E13*F13=0,"",ROUND(E13*F13,2))))
A15: 1.1.2.1 | B15: 8.3.2.1 | C15: i) Facilities for Engineer | G15: =IF(OR(AND(E15="Prov",F15="Sum"),(F15="PC Sum")),". . . . . . . . .00",IF(ISERR(E15*F15),"",IF(E15*F15=0,"",ROUND(E15*F15,2))))
B17: PSA 4.5 | C17: a) Furnished offices (1x) and meeting facility | D17: Sum | E17: 1 | G17: Rate Only
G18: =IF(OR(AND(E18="Prov",F18="Sum"),(F18="PC Sum")),". . . . . . . . .00",IF(ISERR(E18*F18),"",IF(E18*F18=0,"",ROUND(E18*F18,2))))
C19: b) Contract Name board | D19: Sum | E19: 1 | G19: =IF(OR(AND(E19="Prov",F19="Sum"),(F19="PC Sum")),". . . . . . . . .00",IF(ISERR(E19*F19),"",IF(E19*F19=0,"",ROUND(E19*F19,2))))
G20: =IF(OR(AND(E20="Prov",F20="Sum"),(F20="PC Sum")),". . . . . . . . .00",IF(ISERR(E20*F20),"",IF(E20*F20=0,"",ROUND(E20*F20,2))))
A21: 1.1.2.2 | B21: 8.3.2.2 | C21: ii) Facilities for Contractor | G21: =IF(OR(AND(E21="Prov",F21="Sum"),(F21="PC Sum")),". . . . . . . . .00",IF(ISERR(E21*F21),"",IF(E21*F21=0,"",ROUND(E21*F21,2))))
C23: a) Offices and storage sheds | D23: Sum | E23: 1 | G23: =IF(OR(AND(E23="Prov",F23="Sum"),(F23="PC Sum")),". . . . . . . . .00",IF(ISERR(E23*F23),"",IF(E23*F23=0,"",ROUND(E23*F23,2))))
G24: =IF(OR(AND(E24="Prov",F24="Sum"),(F24="PC Sum")),". . . . . . . . .00",IF(ISERR(E24*F24),"",IF(E24*F24=0,"",ROUND(E24*F24,2))))
C25: b) Workshops | D25: Sum | E25: 1 | G25: Rate Only
G26: =IF(OR(AND(E26="Prov",F26="Sum"),(F26="PC Sum")),". . . . . . . . .00",IF(ISERR(E26*F26),"",IF(E26*F26=0,"",ROUND(E26*F26,2))))
C27: c) Ablution and latrine facilities | D27: Sum | E27: 1 | G27: =IF(OR(AND(E27="Prov",F27="Sum"),(F27="PC Sum")),". . . . . . . . .00",IF(ISERR(E27*F27),"",IF(E27*F27=0,"",ROUND(E27*F27,2))))
G28: =IF(OR(AND(E28="Prov",F28="Sum"),(F28="PC Sum")),". . . . . . . . .00",IF(ISERR(E28*F28),"",IF(E28*F28=0,"",ROUND(E28*F28,2))))
C29: d) Tools and equipment | D29: Sum | E29: 1 | G29: =IF(OR(AND(E29="Prov",F29="Sum"),(F29="PC Sum")),". . . . . . . . .00",IF(ISERR(E29*F29),"",IF(E29*F29=0,"",ROUND(E29*F29,2))))
G30: =IF(OR(AND(E30="Prov",F30="Sum"),(F30="PC Sum")),". . . . . . . . .00",IF(ISERR(E30*F30),"",IF(E30*F30=0,"",ROUND(E30*F30,2))))
C31: e) Water supplies, electric power | G31: =IF(OR(AND(E31="Prov",F31="Sum"),(F31="PC Sum")),". . . . . . . . .00",IF(ISERR(E31*F31),"",IF(E31*F31=0,"",ROUND(E31*F31,2))))
C32: & communications | D32: Sum | E32: 1 | G32: =IF(OR(AND(E32="Prov",F32="Sum"),(F32="PC Sum")),". . . . . . . . .00",IF(ISERR(E32*F32),"",IF(E32*F32=0,"",ROUND(E32*F32,2))))
G33: =IF(OR(AND(E33="Prov",F33="Sum"),(F33="PC Sum")),". . . . . . . . .00",IF(ISERR(E33*F33),"",IF(E33*F33=0,"",ROUND(E33*F33,2))))
C34: f) Dealing with water | D34: Sum | E34: 1 | G34: Rate Only
G35: =IF(OR(AND(E35="Prov",F35="Sum"),(F35="PC Sum")),". . . . . . . . .00",IF(ISERR(E35*F35),"",IF(E35*F35=0,"",ROUND(E35*F35,2))))
C36: g) Access | D36: Sum | E36: 1 | G36: Rate Only
G37: =IF(OR(AND(E37="Prov",F37="Sum"),(F37="PC Sum")),". . . . . . . . .00",IF(ISERR(E37*F37),"",IF(E37*F37=0,"",ROUND(E37*F37,2))))
C38: h) Plant | D38: Sum | E38: 1 | G38: Rate Only
G39: =IF(OR(AND(E39="Prov",F39="Sum"),(F39="PC Sum")),". . . . . . . . .00",IF(ISERR(E39*F39),"",IF(E39*F39=0,"",ROUND(E39*F39,2))))
A40: 1.1.2.3 | B40: 8.3.4 | C40: Removal of Engineer's and Contractor's site establishment from site on completion of works. | G40: =IF(OR(AND(E40="Prov",F40="Sum"),(F40="PC Sum")),". . . . . . . . .00",IF(ISERR(E40*F40),"",IF(E40*F40=0,"",ROUND(E40*F40,2))))
D41: Sum | E41: 1 | G41: =IF(OR(AND(E41="Prov",F41="Sum"),(F41="PC Sum")),". . . . . . . . .00",IF(ISERR(E41*F41),"",IF(E41*F41=0,"",ROUND(E41*F41,2))))
G42: =IF(OR(AND(E42="Prov",F42="Sum"),(F42="PC Sum")),". . . . . . . . .00",IF(ISERR(E42*F42),"",IF(E42*F42=0,"",ROUND(E42*F42,2))))
A43: 1.2 | B43: 8.4 | C43: TIME RELATED ITEMS | G43: =IF(OR(AND(E43="Prov",F43="Sum"),(F43="PC Sum")),". . . . . . . . .00",IF(ISERR(E43*F43),"",IF(E43*F43=0,"",ROUND(E43*F43,2))))
A45: 1.2.1 | B45: PSA 4.2 | C45: Contractual requirements | D45: Sum | E45: 3 | G45: =IF(OR(AND(E45="Prov",F45="Sum"),(F45="PC Sum")),". . . . . . . . .00",IF(ISERR(E45*F45),"",IF(E45*F45=0,"",ROUND(E45*F45,2))))
G46: =IF(OR(AND(E46="Prov",F46="Sum"),(F46="PC Sum")),". . . . . . . . .00",IF(ISERR(E46*F46),"",IF(E46*F46=0,"",ROUND(E46*F46,2))))
A47: 1.3 | B47: 8.4.2 | C47: Operations and maintenance of facilities on site | G47: =IF(OR(AND(E47="Prov",F47="Sum"),(F47="PC Sum")),". . . . . . . . .00",IF(ISERR(E47*F47),"",IF(E47*F47=0,"",ROUND(E47*F47,2))))
A49: 1.3.1 | B49: 8.4.2.1 | C49: Facilities for Employer's Agent for duration of construction | G49: =IF(OR(AND(E49="Prov",F49="Sum"),(F49="PC Sum")),". . . . . . . . .00",IF(ISERR(E49*F49),"",IF(E49*F49=0,"",ROUND(E49*F49,2))))
G50: =IF(OR(AND(E50="Prov",F50="Sum"),(F50="PC Sum")),". . . . . . . . .00",IF(ISERR(E50*F50),"",IF(E50*F50=0,"",ROUND(E50*F50,2))))
B51: PSA 4.6 | G51: =IF(OR(AND(E51="Prov",F51="Sum"),(F51="PC Sum")),". . . . . . . . .00",IF(ISERR(E51*F51),"",IF(E51*F51=0,"",ROUND(E51*F51,2))))
C52: a) Employer's Agent office | D52: Sum | E52: =E45 -> 3 | G52: Rate Only
G53: =IF(OR(AND(E53="Prov",F53="Sum"),(F53="PC Sum")),". . . . . . . . .00",IF(ISERR(E53*F53),"",IF(E53*F53=0,"",ROUND(E53*F53,2))))
C54: b) Name board | D54: Sum | E54: =E52 -> 3 | G54: =IF(OR(AND(E54="Prov",F54="Sum"),(F54="PC Sum")),". . . . . . . . .00",IF(ISERR(E54*F54),"",IF(E54*F54=0,"",ROUND(E54*F54,2))))
G55: =IF(OR(AND(E55="Prov",F55="Sum"),(F55="PC Sum")),". . . . . . . . .00",IF(ISERR(E55*F55),"",IF(E55*F55=0,"",ROUND(E55*F55,2))))
A56: 1.4 | B56: 8.4.2 | C56: Operations and maintenance of facilities on site | G56: =IF(OR(AND(E56="Prov",F56="Sum"),(F56="PC Sum")),". . . . . . . . .00",IF(ISERR(E56*F56),"",IF(E56*F56=0,"",ROUND(E56*F56,2))))
A57: 1.4.1 | B57: 8.4.2.2 | C57: Facilities for the Contractor for the duration of the Contract, except where otherwise stated | G57: =IF(OR(AND(E57="Prov",F57="Sum"),(F57="PC Sum")),". . . . . . . . .00",IF(ISERR(E57*F57),"",IF(E57*F57=0,"",ROUND(E57*F57,2))))
G58: =IF(OR(AND(E58="Prov",F58="Sum"),(F58="PC Sum")),". . . . . . . . .00",IF(ISERR(E58*F58),"",IF(E58*F58=0,"",ROUND(E58*F58,2))))
G59: =IF(OR(AND(E59="Prov",F59="Sum"),(F59="PC Sum")),". . . . . . . . .00",IF(ISERR(E59*F59),"",IF(E59*F59=0,"",ROUND(E59*F59,2))))
C60: a) Offices and storage sheds | D60: Sum | E60: =E54 -> 3 | G60: =IF(OR(AND(E60="Prov",F60="Sum"),(F60="PC Sum")),". . . . . . . . .00",IF(ISERR(E60*F60),"",IF(E60*F60=0,"",ROUND(E60*F60,2))))
G61: =IF(OR(AND(E61="Prov",F61="Sum"),(F61="PC Sum")),". . . . . . . . .00",IF(ISERR(E61*F61),"",IF(E61*F61=0,"",ROUND(E61*F61,2))))
C62: b) Workshops | D62: Sum | E62: =E60 -> 3 | G62: Rate Only
G63: =IF(OR(AND(E63="Prov",F63="Sum"),(F63="PC Sum")),". . . . . . . . .00",IF(ISERR(E63*F63),"",IF(E63*F63=0,"",ROUND(E63*F63,2))))
C64: c) Ablution and latrine facilities | D64: Sum | E64: =E62 -> 3 | G64: =IF(OR(AND(E64="Prov",F64="Sum"),(F64="PC Sum")),". . . . . . . . .00",IF(ISERR(E64*F64),"",IF(E64*F64=0,"",ROUND(E64*F64,2))))
A66: TOTAL CARRIED FORWARD
A69: =+A2 -> REPTILE PARK - REPAIR AND RENOVATIONS
A71: =A3 -> SCHEDULE 1 : PRELIMINARY AND GENERAL
A72: ITEM | B72: PAYM. | C72: DESCRIPTION | D72: =+D5 -> UNIT | E72: QTY | F72: =+F5 -> RATE | G72: =+G5 -> AMOUNT
A73: NO. | B73: REF.
A74: TOTAL BROUGHT FORWARD
C77: d) Tools and equipment | D77: Sum | E77: =E64 -> 3 | G77: =IF(OR(AND(E77="Prov",F77="Sum"),(F77="PC Sum")),". . . . . . . . .00",IF(ISERR(E77*F77),"",IF(E77*F77=0,"",ROUND(E77*F77,2))))
G78: =IF(OR(AND(E78="Prov",F78="Sum"),(F78="PC Sum")),". . . . . . . . .00",IF(ISERR(E78*F78),"",IF(E78*F78=0,"",ROUND(E78*F78,2))))
C79: e) Water supplies, electric power & communications | D79: Sum | E79: =E77 -> 3 | G79: =IF(OR(AND(E79="Prov",F79="Sum"),(F79="PC Sum")),". . . . . . . . .00",IF(ISERR(E79*F79),"",IF(E79*F79=0,"",ROUND(E79*F79,2))))
G80: =IF(OR(AND(E80="Prov",F80="Sum"),(F80="PC Sum")),". . . . . . . . .00",IF(ISERR(E80*F80),"",IF(E80*F80=0,"",ROUND(E80*F80,2))))
C81: f) Dealing with water | D81: Sum | E81: =E79 -> 3 | G81: Rate Only
G82: =IF(OR(AND(E82="Prov",F82="Sum"),(F82="PC Sum")),". . . . . . . . .00",IF(ISERR(E82*F82),"",IF(E82*F82=0,"",ROUND(E82*F82,2))))
C83: g) Access | D83: Sum | E83: =E81 -> 3 | G83: Rate Only
G84: =IF(OR(AND(E84="Prov",F84="Sum"),(F84="PC Sum")),". . . . . . . . .00",IF(ISERR(E84*F84),"",IF(E84*F84=0,"",ROUND(E84*F84,2))))
C85: h) Plant | D85: Sum | E85: =E83 -> 3 | G85: Rate Only
G86: =IF(OR(AND(E86="Prov",F86="Sum"),(F86="PC Sum")),". . . . . . . . .00",IF(ISERR(E86*F86),"",IF(E86*F86=0,"",ROUND(E86*F86,2))))
A87: 1.4.2 | B87: 8.4.3 | C87: Supervision for duration of the construction by the contractor | D87: sum | E87: =E85 -> 3 | G87: =IF(OR(AND(E87="Prov",F87="Sum"),(F87="PC Sum")),". . . . . . . . .00",IF(ISERR(E87*F87),"",IF(E87*F87=0,"",ROUND(E87*F87,2))))
G88: =IF(OR(AND(E88="Prov",F88="Sum"),(F88="PC Sum")),". . . . . . . . .00",IF(ISERR(E88*F88),"",IF(E88*F88=0,"",ROUND(E88*F88,2))))
A89: 1.4.3 | B89: 8.4.4 | C89: Company and Head Office overhead costs for the | G89: =IF(OR(AND(E89="Prov",F89="Sum"),(F89="PC Sum")),". . . . . . . . .00",IF(ISERR(E89*F89),"",IF(E89*F89=0,"",ROUND(E89*F89,2))))
C90: duration of the Contract | D90: Sum | E90: =E87 -> 3 | G90: =IF(OR(AND(E90="Prov",F90="Sum"),(F90="PC Sum")),". . . . . . . . .00",IF(ISERR(E90*F90),"",IF(E90*F90=0,"",ROUND(E90*F90,2))))
G91: =IF(OR(AND(E91="Prov",F91="Sum"),(F91="PC Sum")),". . . . . . . . .00",IF(ISERR(E91*F91),"",IF(E91*F91=0,"",ROUND(E91*F91,2))))
A92: 1.4.4 | B92: 8.4.5 | C92: Other time related obligations | D92: Sum | E92: =E90 -> 3 | G92: =IF(OR(AND(E92="Prov",F92="Sum"),(F92="PC Sum")),". . . . . . . . .00",IF(ISERR(E92*F92),"",IF(E92*F92=0,"",ROUND(E92*F92,2))))
G93: =IF(OR(AND(E93="Prov",F93="Sum"),(F93="PC Sum")),". . . . . . . . .00",IF(ISERR(E93*F93),"",IF(E93*F93=0,"",ROUND(E93*F93,2))))
A94: 1.5 | B94: 8.5 | C94: SUMS STATED PROVISIONALLY BY THE | G94: =IF(OR(AND(E94="Prov",F94="Sum"),(F94="PC Sum")),". . . . . . . . .00",IF(ISERR(E94*F94),"",IF(E94*F94=0,"",ROUND(E94*F94,2))))
C95: EMPLOYER'S AGENT | G95: =IF(OR(AND(E95="Prov",F95="Sum"),(F95="PC Sum")),". . . . . . . . .00",IF(ISERR(E95*F95),"",IF(E95*F95=0,"",ROUND(E95*F95,2))))
G96: =IF(OR(AND(E96="Prov",F96="Sum"),(F96="PC Sum")),". . . . . . . . .00",IF(ISERR(E96*F96),"",IF(E96*F96=0,"",ROUND(E96*F96,2))))
C97: a) Provisional sum for Training | D97: Prov. Sum | E97: 1 | G97: Rate Only
G98: =IF(OR(AND(E98="Prov",F98="Sum"),(F98="PC Sum")),". . . . . . . . .00",IF(ISERR(E98*F98),"",IF(E98*F98=0,"",ROUND(E98*F98,2))))
B99: 8.5 b) 2) | C99: b) Overheads, charges and profit on 1.3 a) to e) | D99: % | E99: =F97 -> 0 | G99: Rate Only
C101: c) Additional testing as required by the Employer's Agent | D101: Prov. Sum | E101: 1 | G101: =IF(OR(AND(E101="Prov",F101="Sum"),(F101="PC Sum")),". . . . . . . . .00",IF(ISERR(E101*F101),"",IF(E101*F101=0,"",ROUND(E101*F101,2))))
G102: =IF(OR(AND(E102="Prov",F102="Sum"),(F102="PC Sum")),". . . . . . . . .00",IF(ISERR(E102*F102),"",IF(E102*F102=0,"",ROUND(E102*F102,2))))
A103: 1.6 | B103: 8.5 | C103: OCCUPATIONAL HEALTH AND SAFETY | G103: =IF(OR(AND(E103="Prov",F103="Sum"),(F103="PC Sum")),". . . . . . . . .00",IF(ISERR(E103*F103),"",IF(E103*F103=0,"",ROUND(E103*F103,2))))
G104: =IF(OR(AND(E104="Prov",F104="Sum"),(F104="PC Sum")),". . . . . . . . .00",IF(ISERR(E104*F104),"",IF(E104*F104=0,"",ROUND(E104*F104,2))))
C105: a) Compliance with Occupational Health and Safety Act (Act 85 of 1993) and its regulations and with the Employers Health and Safety Specification | D105: Sum | E105: 1 | G105: =IF(OR(AND(E105="Prov",F105="Sum"),(F105="PC Sum")),". . . . . . . . .00",IF(ISERR(E105*F105),"",IF(E105*F105=0,"",ROUND(E105*F105,2))))
C107: b) Compliance with Occupational Health and Safety Act (Act 85 of 1993) and its regulations and with the Employers Health and Safety Specification | D107: Month | E107: =E90 -> 3 | G107: =IF(OR(AND(E107="Prov",F107="Sum"),(F107="PC Sum")),". . . . . . . . .00",IF(ISERR(E107*F107),"",IF(E107*F107=0,"",ROUND(E107*F107,2))))
B109: 8.5 b) 2) | C109: c) Compliance with Covid-19 OHS Specifications (including Covid 19 Safety Induction, Employee screening, Workplace Readiness Plan and Risk Assessment Safety proceedure file, Re-Usable Masks forehead Body infrared Thermometer | D109: Sum | E109: =E107 -> 3 | G109: =IF(OR(AND(E109="Prov",F109="Sum"),(F109="PC Sum")),". . . . . . . . .00",IF(ISERR(E109*F109),"",IF(E109*F109=0,"",ROUND(E109*F109,2))))
A111: 1.7 | C111: DAYWORKS
C113: a) Labourers:
C115: (i) Unskilled | D115: hr | G115: Rate Only
C117: (ii) Semi-skilled | D117: hr | G117: Rate Only
C119: (iii) Skilled | D119: hr | G119: Rate Only
C121: b) Foreman | D121: hr | G121: Rate Only
C123: c) Tipper trucks:
...

Sheet Building Works Summary
A1: =Summary!A1 -> NATIONAL ZOOLOGICAL GARDENS OF SOUTH AFRICA - PRETORIA
A2: =Summary!A3 -> REPTILE PARK - REPAIR AND RENOVATIONS
A3: BUILDING WORKS
A5: SCHEDULE 2: SUMMARY OF BUILDING WORKS
A7: ITEM NO | B7: DESCRIPTION | C7: AMOUNT
A9: 2.1 | B9: Alterations
A11: 2.2 | B11: Concrete, Formwork and Reinforcement
A13: 2.3 | B13: Masonry
A15: 2.4 | B15: Waterproofing
A17: 2.5 | B17: Roof Coverings, etc
A19: 2.6 | B19: Carpentry and Joinery
A21: 2.7 | B21: Ceilings, Partitions and Access Flooring
A23: 2.8 | B23: Metalwork
A25: 2.9 | B25: Plastering
A27: 2.10 | B27: Plumbing and Drainage (Provisional)
A29: 2.11 | B29: Glazing
A31: 2.12 | B31: Paintwork
B40: Total Carried To Final Summary

Sheet Building Works
A1: ='Building Works Summary'!A1 -> NATIONAL ZOOLOGICAL GARDENS OF SOUTH AFRICA - PRETORIA
A2: ='Building Works Summary'!A2 -> REPTILE PARK - REPAIR AND RENOVATIONS
A3: SCHEDULE 2: BUILDING WORKS
A5: ITEM NO | B5: DESCRIPTION | C5: UNIT | D5: QTY | E5: RATE | F5: AMOUNT
B7: BILL NO. 1 | F7: =IF(OR(AND(D7="Prov",E7="Sum"),(E7="PC Sum")),". . . . . . . . .00",IF(ISERR(D7*E7),"",IF(D7*E7=0,"",ROUND(D7*E7,2))))
B9: ALTERATIONS | F9: =IF(OR(AND(D9="Prov",E9="Sum"),(E9="PC Sum")),". . . . . . . . .00",IF(ISERR(D9*E9),"",IF(D9*E9=0,"",ROUND(D9*E9,2))))
F10: =IF(OR(AND(D10="Prov",E10="Sum"),(E10="PC Sum")),". . . . . . . . .00",IF(ISERR(D10*E10),"",IF(D10*E10=0,"",ROUND(D10*E10,2))))
B11: PREAMBLES | F11: =IF(OR(AND(D11="Prov",E11="Sum"),(E11="PC Sum")),". . . . . . . . .00",IF(ISERR(D11*E11),"",IF(D11*E11=0,"",ROUND(D11*E11,2))))
F12: =IF(OR(AND(D12="Prov",E12="Sum"),(E12="PC Sum")),". . . . . . . . .00",IF(ISERR(D12*E12),"",IF(D12*E12=0,"",ROUND(D12*E12,2))))
B13: For preambles see 'Model Preambles for Trades, 2008 Edition as published by Association of South African Quantity Surveyors, SANS Standards and PW371 Specification of materials and methods to be used as Published by National Department of Public Works & Infrastructure | F13: =IF(OR(AND(D13="Prov",E13="Sum"),(E13="PC Sum")),". . . . . . . . .00",IF(ISERR(D13*E13),"",IF(D13*E13=0,"",ROUND(D13*E13,2))))
F14: =IF(OR(AND(D14="Prov",E14="Sum"),(E14="PC Sum")),". . . . . . . . .00",IF(ISERR(D14*E14),"",IF(D14*E14=0,"",ROUND(D14*E14,2))))
B15: REMOVAL OF EXISTING WORK | F15: =IF(OR(AND(D15="Prov",E15="Sum"),(E15="PC Sum")),". . . . . . . . .00",IF(ISERR(D15*E15),"",IF(D15*E15=0,"",ROUND(D15*E15,2))))
F16: =IF(OR(AND(D16="Prov",E16="Sum"),(E16="PC Sum")),". . . . . . . . .00",IF(ISERR(D16*E16),"",IF(D16*E16=0,"",ROUND(D16*E16,2))))
A17: 2.1.1 | B17: Breaking up and removing reinforced concrete, including cutting off and removing reinforcement | F17: =IF(OR(AND(D17="Prov",E17="Sum"),(E17="PC Sum")),". . . . . . . . .00",IF(ISERR(D17*E17),"",IF(D17*E17=0,"",ROUND(D17*E17,2))))
F18: =IF(OR(AND(D18="Prov",E18="Sum"),(E18="PC Sum")),". . . . . . . . .00",IF(ISERR(D18*E18),"",IF(D18*E18=0,"",ROUND(D18*E18,2))))
A19: 2.1.1.1 | B19: Concrete slabs | C19: m3 | D19: 1 | F19: =IF(OR(AND(D19="Prov",E19="Sum"),(E19="PC Sum")),". . . . . . . . .00",IF(ISERR(D19*E19),"",IF(D19*E19=0,"",ROUND(D19*E19,2))))
F20: =IF(OR(AND(D20="Prov",E20="Sum"),(E20="PC Sum")),". . . . . . . . .00",IF(ISERR(D20*E20),"",IF(D20*E20=0,"",ROUND(D20*E20,2))))
A21: 2.2.1 | B21: Taking down and removing roofs, floors, panelling, ceilings, partitions, etc. | F21: =IF(OR(AND(D21="Prov",E21="Sum"),(E21="PC Sum")),". . . . . . . . .00",IF(ISERR(D21*E21),"",IF(D21*E21=0,"",ROUND(D21*E21,2))))
F22: =IF(OR(AND(D22="Prov",E22="Sum"),(E22="PC Sum")),". . . . . . . . .00",IF(ISERR(D22*E22),"",IF(D22*E22=0,"",ROUND(D22*E22,2))))
A23: 2.1.2.1 | B23: Steel roof sheets including ridge capping from timber purlins | C23: m2 | D23: 54 | F23: =IF(OR(AND(D23="Prov",E23="Sum"),(E23="PC Sum")),". . . . . . . . .00",IF(ISERR(D23*E23),"",IF(D23*E23=0,"",ROUND(D23*E23,2))))
F24: =IF(OR(AND(D24="Prov",E24="Sum"),(E24="PC Sum")),". . . . . . . . .00",IF(ISERR(D24*E24),"",IF(D24*E24=0,"",ROUND(D24*E24,2))))
A25: 2.1.2.2 | B25: Ceilings from timber trusses | C25: m2 | D25: =49 -> 49 | F25: =IF(OR(AND(D25="Prov",E25="Sum"),(E25="PC Sum")),". . . . . . . . .00",IF(ISERR(D25*E25),"",IF(D25*E25=0,"",ROUND(D25*E25,2))))
A27: 2.1.2.3 | B27: T & G ceilings from timber boards | C27: m2 | D27: 280 | F27: =IF(OR(AND(D27="Prov",E27="Sum"),(E27="PC Sum")),". . . . . . . . .00",IF(ISERR(D27*E27),"",IF(D27*E27=0,"",ROUND(D27*E27,2))))
A29: 2.1.2.4 | B29: Suspended ceilings | C29: m2 | D29: 9 | F29: =IF(OR(AND(D29="Prov",E29="Sum"),(E29="PC Sum")),". . . . . . . . .00",IF(ISERR(D29*E29),"",IF(D29*E29=0,"",ROUND(D29*E29,2))))
A31: 2.1.2.5 | B31: Steel rainwater gutters and downpipes including brackets | C31: m | D31: =45+22+56+205 -> 328 | F31: =IF(OR(AND(D31="Prov",E31="Sum"),(E31="PC Sum")),". . . . . . . . .00",IF(ISERR(D31*E31),"",IF(D31*E31=0,"",ROUND(D31*E31,2))))
A33: 2.1.2.6 | B33: 400 x 250mm deep steel rainwater box gutter | C33: m | D33: 22 | F33: =IF(OR(AND(D33="Prov",E33="Sum"),(E33="PC Sum")),". . . . . . . . .00",IF(ISERR(D33*E33),"",IF(D33*E33=0,"",ROUND(D33*E33,2))))
A35: 2.1.2.7 | B35: Timber beams and supports | C35: m | D35: 550 | F35: =IF(OR(AND(D35="Prov",E35="Sum"),(E35="PC Sum")),". . . . . . . . .00",IF(ISERR(D35*E35),"",IF(D35*E35=0,"",ROUND(D35*E35,2))))
A37: 2.1.2.8 | B37: Fibre-cement fascias and barge boards | C37: m | D37: 30 | F37: =IF(OR(AND(D37="Prov",E37="Sum"),(E37="PC Sum")),". . . . . . . . .00",IF(ISERR(D37*E37),"",IF(D37*E37=0,"",ROUND(D37*E37,2))))
F38: =IF(OR(AND(D38="Prov",E38="Sum"),(E38="PC Sum")),". . . . . . . . .00",IF(ISERR(D38*E38),"",IF(D38*E38=0,"",ROUND(D38*E38,2))))
A39: 2.1.2.9 | B39: Steel roof sheets including ridge capping from steel purlins | C39: m2 | D39: 400 | F39: =IF(OR(AND(D39="Prov",E39="Sum"),(E39="PC Sum")),". . . . . . . . .00",IF(ISERR(D39*E39),"",IF(D39*E39=0,"",ROUND(D39*E39,2))))
F41: =IF(OR(AND(D41="Prov",E41="Sum"),(E41="PC Sum")),". . . . . . . . .00",IF(ISERR(D41*E41),"",IF(D41*E41=0,"",ROUND(D41*E41,2))))
B43: Total Carried Forward
B46: Total Brought Forward
F48: =IF(OR(AND(D48="Prov",E48="Sum"),(E48="PC Sum")),". . . . . . . . .00",IF(ISERR(D48*E48),"",IF(D48*E48=0,"",ROUND(D48*E48,2))))
A49: 2.1.3 | B49: Taking out and removing doors, windows, etc. from brickwork to be demolished | F49: =IF(OR(AND(D49="Prov",E49="Sum"),(E49="PC Sum")),". . . . . . . . .00",IF(ISERR(D49*E49),"",IF(D49*E49=0,"",ROUND(D49*E49,2))))
A51: 2.1.3.1 | B51: Steel double door frame size 1 800 x 2 100mm high | C51: No | D51: 1 | F51: =IF(OR(AND(D51="Prov",E51="Sum"),(E51="PC Sum")),". . . . . . . . .00",IF(ISERR(D51*E51),"",IF(D51*E51=0,"",ROUND(D51*E51,2))))
A53: 2.1.3.2 | B53: Steel double door frame and timber door size 1 800 x 2 100mm high | C53: No | D53: 2 | F53: =IF(OR(AND(D53="Prov",E53="Sum"),(E53="PC Sum")),". . . . . . . . .00",IF(ISERR(D53*E53),"",IF(D53*E53=0,"",ROUND(D53*E53,2))))
F54: =IF(OR(AND(D54="Prov",E54="Sum"),(E54="PC Sum")),". . . . . . . . .00",IF(ISERR(D54*E54),"",IF(D54*E54=0,"",ROUND(D54*E54,2))))
A55: 2.1.3.3 | B55: Timber double door frame and timber door size 2 350 x 2 100mm high | C55: No | D55: 1 | F55: =IF(OR(AND(D55="Prov",E55="Sum"),(E55="PC Sum")),". . . . . . . . .00",IF(ISERR(D55*E55),"",IF(D55*E55=0,"",ROUND(D55*E55,2))))
A57: 2.1.3.4 | B57: Roller door size 2400 x 2500mm high | C57: No | D57: 1 | F57: =IF(OR(AND(D57="Prov",E57="Sum"),(E57="PC Sum")),". . . . . . . . .00",IF(ISERR(D57*E57),"",IF(D57*E57=0,"",ROUND(D57*E57,2))))
F58: =IF(OR(AND(D58="Prov",E58="Sum"),(E58="PC Sum")),". . . . . . . . .00",IF(ISERR(D58*E58),"",IF(D58*E58=0,"",ROUND(D58*E58,2))))
A59: 2.1.4 | B59: Hacking up/off and removing waterproofing including removing screed and preparing surfaces for new waterproofing | F59: =IF(OR(AND(D59="Prov",E59="Sum"),(E59="PC Sum")),". . . . . . . . .00",IF(ISERR(D59*E59),"",IF(D59*E59=0,"",ROUND(D59*E59,2))))
F60: =IF(OR(AND(D60="Prov",E60="Sum"),(E60="PC Sum")),". . . . . . . . .00",IF(ISERR(D60*E60),"",IF(D60*E60=0,"",ROUND(D60*E60,2))))
A61: 2.1.4.1 | B61: Waterproofing on concrete slab | C61: m2 | D61: 30 | F61: =IF(OR(AND(D61="Prov",E61="Sum"),(E61="PC Sum")),". . . . . . . . .00",IF(ISERR(D61*E61),"",IF(D61*E61=0,"",ROUND(D61*E61,2))))
F62: =IF(OR(AND(D62="Prov",E62="Sum"),(E62="PC Sum")),". . . . . . . . .00",IF(ISERR(D62*E62),"",IF(D62*E62=0,"",ROUND(D62*E62,2))))
A63: 2.1.5 | B63: Taking out and removing piping, sanitary fittings, etc. including cutting off as necessary, disconnecting piping from fittings and making good floor and wall finishes | F63: =IF(OR(AND(D63="Prov",E63="Sum"),(E63="PC Sum")),". . . . . . . . .00",IF(ISERR(D63*E63),"",IF(D63*E63=0,"",ROUND(D63*E63,2))))
F64: =IF(OR(AND(D64="Prov",E64="Sum"),(E64="PC Sum")),". . . . . . . . .00",IF(ISERR(D64*E64),"",IF(D64*E64=0,"",ROUND(D64*E64,2))))
A65: 2.1.5.1 | B65: PVC piping not exceeding 50mm diameter | C65: m | D65: 6 | F65: =IF(OR(AND(D65="Prov",E65="Sum"),(E65="PC Sum")),". . . . . . . . .00",IF(ISERR(D65*E65),"",IF(D65*E65=0,"",ROUND(D65*E65,2))))
A67: 2.1.6 | B67: Take and remove glass frame from concrete | F67: =IF(OR(AND(D67="Prov",E67="Sum"),(E67="PC Sum")),". . . . . . . . .00",IF(ISERR(D67*E67),"",IF(D67*E67=0,"",ROUND(D67*E67,2))))
F68: =IF(OR(AND(D68="Prov",E68="Sum"),(E68="PC Sum")),". . . . . . . . .00",IF(ISERR(D68*E68),"",IF(D68*E68=0,"",ROUND(D68*E68,2))))
A69: 2.1.6.1 | B69: Frame size 901 x 747mm high | C69: No | D69: 1 | F69: =IF(OR(AND(D69="Prov",E69="Sum"),(E69="PC Sum")),". . . . . . . . .00",IF(ISERR(D69*E69),"",IF(D69*E69=0,"",ROUND(D69*E69,2))))
A71: 2.1.6.2 | B71: Frame size 895 x 780mm high | C71: No | D71: 1 | F71: =IF(OR(AND(D71="Prov",E71="Sum"),(E71="PC Sum")),". . . . . . . . .00",IF(ISERR(D71*E71),"",IF(D71*E71=0,"",ROUND(D71*E71,2))))
A73: 2.1.6.3 | B73: Frame size 1 592 x 890mm high | C73: No | D73: 1 | F73: =IF(OR(AND(D73="Prov",E73="Sum"),(E73="PC Sum")),". . . . . . . . .00",IF(ISERR(D73*E73),"",IF(D73*E73=0,"",ROUND(D73*E73,2))))
A75: 2.1.6.4 | B75: Frame size 1 587 x 906mm high | C75: No | D75: 1 | F75: =IF(OR(AND(D75="Prov",E75="Sum"),(E75="PC Sum")),". . . . . . . . .00",IF(ISERR(D75*E75),"",IF(D75*E75=0,"",ROUND(D75*E75,2))))
A77: 2.1.6.5 | B77: Frame size 1 1610 x 980mm high | C77: No | D77: 1 | F77: =IF(OR(AND(D77="Prov",E77="Sum"),(E77="PC Sum")),". . . . . . . . .00",IF(ISERR(D77*E77),"",IF(D77*E77=0,"",ROUND(D77*E77,2))))
A79: 2.1.6.6 | B79: Frame size 1 026 x 901mm high | C79: No | D79: 2 | F79: =IF(OR(AND(D79="Prov",E79="Sum"),(E79="PC Sum")),". . . . . . . . .00",IF(ISERR(D79*E79),"",IF(D79*E79=0,"",ROUND(D79*E79,2))))
A81: 2.1.7 | B81: Take out and re-install 2500l plastic tank | F81: =IF(OR(AND(D81="Prov",E81="Sum"),(E81="PC Sum")),". . . . . . . . .00",IF(ISERR(D81*E81),"",IF(D81*E81=0,"",ROUND(D81*E81,2))))
A82: 2.1.7.1 | B82: Disconnect pipework, take out plastic tank from concrete stand, set aside and re-install including connections after completion of concrete slab and leave in good order. | C82: No | D82: 1 | F82: =IF(OR(AND(D82="Prov",E82="Sum"),(E82="PC Sum")),". . . . . . . . .00",IF(ISERR(D82*E82),"",IF(D82*E82=0,"",ROUND(D82*E82,2))))
B84: Total Carried Forward
B87: Total Brought Forward
A89: 2.1.8 | B89: Check and inspect 10 000l PVC water tanks | F89: =IF(OR(AND(D89="Prov",E89="Sum"),(E89="PC Sum")),". . . . . . . . .00",IF(ISERR(D89*E89),"",IF(D89*E89=0,"",ROUND(D89*E89,2))))
F90: =IF(OR(AND(D90="Prov",E90="Sum"),(E90="PC Sum")),". . . . . . . . .00",IF(ISERR(D90*E90),"",IF(D90*E90=0,"",ROUND(D90*E90,2))))
A91: 2.1.8.1 | B91: Disconnect pipework, check, inspect leakages to tank stands including replacing fittings (fittings elsewhere), test after completion and leave in good order. | C91: No | D91: 3 | F91: =IF(OR(AND(D91="Prov",E91="Sum"),(E91="PC Sum")),". . . . . . . . .00",IF(ISERR(D91*E91),"",IF(D91*E91=0,"",ROUND(D91*E91,2))))
A93: 2.1.9 | B93: 65 000l PVC water tanks | F93: =IF(OR(AND(D93="Prov",E93="Sum"),(E93="PC Sum")),". . . . . . . . .00",IF(ISERR(D93*E93),"",IF(D93*E93=0,"",ROUND(D93*E93,2))))
F94: =IF(OR(AND(D94="Prov",E94="Sum"),(E94="PC Sum")),". . . . . . . . .00",IF(ISERR(D94*E94),"",IF(D94*E94=0,"",ROUND(D94*E94,2))))
A95: 2.1.9.1 | B95: Disconnect pipework, pumps and allow for pumping out of water (elsewhere measured) | C95: No | D95: 1 | F95: =IF(OR(AND(D95="Prov",E95="Sum"),(E95="PC Sum")),". . . . . . . . .00",IF(ISERR(D95*E95),"",IF(D95*E95=0,"",ROUND(D95*E95,2))))
A97: 2.1.10 | B97: Service and repairs to existing alumnium double door | F97: =IF(OR(AND(D97="Prov",E97="Sum"),(E97="PC Sum")),". . . . . . . . .00",IF(ISERR(D97*E97),"",IF(D97*E97=0,"",ROUND(D97*E97,2))))
F98: =IF(OR(AND(D98="Prov",E98="Sum"),(E98="PC Sum")),". . . . . . . . .00",IF(ISERR(D98*E98),"",IF(D98*E98=0,"",ROUND(D98*E98,2))))
A99: 2.1.10.1 | B99: Service and repair to alumnium double door size 1 628 x 2 800mm high and including replacing 2No x 814 x 2 800mm high glass, replacing 2No x floor springs, lockssets, handles, door stoppers, etc and leave in good order | C99: No | D99: 1 | F99: =IF(OR(AND(D99="Prov",E99="Sum"),(E99="PC Sum")),". . . . . . . . .00",IF(ISERR(D99*E99),"",IF(D99*E99=0,"",ROUND(D99*E99,2))))
A101: 2.1.11 | B101: Check, inspect, service, de-rust structural steel columns, apply seleant and prepare to receive painting | F101: =IF(OR(AND(D101="Prov",E101="Sum"),(E101="PC Sum")),". . . . . . . . .00",IF(ISERR(D101*E101),"",IF(D101*E101=0,"",ROUND(D101*E101,2))))
F102: =IF(OR(AND(D102="Prov",E102="Sum"),(E102="PC Sum")),". . . . . . . . .00",IF(ISERR(D102*E102),"",IF(D102*E102=0,"",ROUND(D102*E102,2))))
A103: 2.1.11.1 | B103: 300mm wide structural steel columns in 67 000l fish tank | C103: m | D103: 48 | F103: =IF(OR(AND(D103="Prov",E103="Sum"),(E103="PC Sum")),". . . . . . . . .00",IF(ISERR(D103*E103),"",IF(D103*E103=0,"",ROUND(D103*E103,2))))
A105: 2.1.12 | B105: Check, inspect, service, repairs to view panel window, close leakes by applying SIKASIL or equal approved pool sealant around the frame, make good concrete cracking and leave in good working order | F105: =IF(OR(AND(D105="Prov",E105="Sum"),(E105="PC Sum")),". . . . . . . . .00",IF(ISERR(D105*E105),"",IF(D105*E105=0,"",ROUND(D105*E105,2))))
F106: =IF(OR(AND(D106="Prov",E106="Sum"),(E106="PC Sum")),". . . . . . . . .00",IF(ISERR(D106*E106),"",IF(D106*E106=0,"",ROUND(D106*E106,2))))
A107: 2.1.12.1 | B107: View panel window size 901 x 747mm high (26, 27, 28, 29) | C107: No | D107: 4 | F107: =IF(OR(AND(D107="Prov",E107="Sum"),(E107="PC Sum")),". . . . . . . . .00",IF(ISERR(D107*E107),"",IF(D107*E107=0,"",ROUND(D107*E107,2))))
A109: 2.1.12.2 | B109: View panel window size 1 592 x 902mm high (31) | C109: No | D109: 1 | F109: =IF(OR(AND(D109="Prov",E109="Sum"),(E109="PC Sum")),". . . . . . . . .00",IF(ISERR(D109*E109),"",IF(D109*E109=0,"",ROUND(D109*E109,2))))
A111: 2.1.12.3 | B111: View panel window size 1 598 x 902mm high (33, 34, 35, 36) | C111: No | D111: 4 | F111: =IF(OR(AND(D111="Prov",E111="Sum"),(E111="PC Sum")),". . . . . . . . .00",IF(ISERR(D111*E111),"",IF(D111*E111=0,"",ROUND(D111*E111,2))))
A113: 2.1.12.4 | B113: View panel window size 2 670 x 936mm high | C113: No | D113: 2 | F113: =IF(OR(AND(D113="Prov",E113="Sum"),(E113="PC Sum")),". . . . . . . . .00",IF(ISERR(D113*E113),"",IF(D113*E113=0,"",ROUND(D113*E113,2))))
A115: 2.1.12.5 | B115: View panel window size 1 578 x 902mm high (2) | C115: No | D115: 1 | F115: =IF(OR(AND(D115="Prov",E115="Sum"),(E115="PC Sum")),". . . . . . . . .00",IF(ISERR(D115*E115),"",IF(D115*E115=0,"",ROUND(D115*E115,2))))
A117: 2.1.12.6 | B117: View panel window size 1 578 x 906mm high (12, 13) | C117: No | D117: 2 | F117: =IF(OR(AND(D117="Prov",E117="Sum"),(E117="PC Sum")),". . . . . . . . .00",IF(ISERR(D117*E117),"",IF(D117*E117=0,"",ROUND(D117*E117,2))))
B121: Total Carried Forward
B124: Total Brought Forward
A126: 2.1.12.7 | B126: View panel window size 895 x 780mm high (21, 22, 23, 24, 25) | C126: No | D126: 5 | F126: =IF(OR(AND(D126="Prov",E126="Sum"),(E126="PC Sum")),". . . . . . . . .00",IF(ISERR(D126*E126),"",IF(D126*E126=0,"",ROUND(D126*E126,2))))
B128: ROOF SKYLIGHTS | F128: =IF(OR(AND(D128="Prov",E128="Sum"),(E128="PC Sum")),". . . . . . . . .00",IF(ISERR(D128*E128),"",IF(D128*E128=0,"",ROUND(D128*E128,2))))
A129: 2.1.13 | B129: Check, inspect, service, repair and replace warn out rubber seals alumnium frame, close leakes by applying SIKASIL or equal approved sealant around the frame, make good concrete cracking and leave in good working order | F129: =IF(OR(AND(D129="Prov",E129="Sum"),(E129="PC Sum")),". . . . . . . . .00",IF(ISERR(D129*E129),"",IF(D129*E129=0,"",ROUND(D129*E129,2))))
F130: =IF(OR(AND(D130="Prov",E130="Sum"),(E130="PC Sum")),". . . . . . . . .00",IF(ISERR(D130*E130),"",IF(D130*E130=0,"",ROUND(D130*E130,2))))
A131: 2.1.13.1 | B131: Hibiscus skylights size 1 300mm wide x 450mm height with and including 480mm high side panel - skylight panels to be 1000mm long and including applying SIKASIL or equal approved sealant around skylight frame | C131: No | D131: 77 | F131: =IF(OR(AND(D131="Prov",E131="Sum"),(E131="PC Sum")),". . . . . . . . .00",IF(ISERR(D131*E131),"",IF(D131*E131=0,"",ROUND(D131*E131,2))))
A133: 2.1.13.2 | B133: Hibiscus skylights size 1 300mm wide x 450mm height with and including 480mm high side panel (one side) - trapezodial shape (1 000mm and 400mm long) and including applying SIKASIL or equal approved sealant around skylight frame | C133: No | D133: 12 | F133: =IF(OR(AND(D133="Prov",E133="Sum"),(E133="PC Sum")),". . . . . . . . .00",IF(ISERR(D133*E133),"",IF(D133*E133=0,"",ROUND(D133*E133,2))))
A135: 2.1.13.3 | B135: Hibiscus skylights size 1 300mm wide x 450mm height with and including 480mm high side panel (one side) - trapezodial shape (1 200mm and 700mm long) and including applying SIKASIL or equal approved sealant around skylight frame | C135: No | D135: 10 | F135: =IF(OR(AND(D135="Prov",E135="Sum"),(E135="PC Sum")),". . . . . . . . .00",IF(ISERR(D135*E135),"",IF(D135*E135=0,"",ROUND(D135*E135,2))))
A137: 2.1.13.4 | B137: Hibiscus skylights size 3 200mm wide x 650mm height in panels - trapezodial shape (1 200mm and 700mm long) and including applying SIKASIL or equal approved sealant around skylight frame | C137: No | D137: 10 | F137: =IF(OR(AND(D137="Prov",E137="Sum"),(E137="PC Sum")),". . . . . . . . .00",IF(ISERR(D137*E137),"",IF(D137*E137=0,"",ROUND(D137*E137,2))))
A139: 2.1.13.5 | B139: Allow for testing and guarantee on completion of the works | C139: Item | D139: 1 | F139: =IF(OR(AND(D139="Prov",E139="Sum"),(E139="PC Sum")),". . . . . . . . .00",IF(ISERR(D139*E139),"",IF(D139*E139=0,"",ROUND(D139*E139,2))))
B141: BUILDING UP OPENINGS | F141: =IF(OR(AND(D141="Prov",E141="Sum"),(E141="PC Sum")),". . . . . . . . .00",IF(ISERR(D141*E141),"",IF(D141*E141=0,"",ROUND(D141*E141,2))))
F142: =IF(OR(AND(D142="Prov",E142="Sum"),(E142="PC Sum")),". . . . . . . . .00",IF(ISERR(D142*E142),"",IF(D142*E142=0,"",ROUND(D142*E142,2))))
A143: 2.1.14 | B143: Brickwork in NFP bricks in class I mortar in building up openings, including bonding new to existing and making good cement plaster on one side and face brickwork on the outer side (making good paintwork elsewhere) | F143: =IF(OR(AND(D143="Prov",E143="Sum"),(E143="PC Sum")),". . . . . . . . .00",IF(ISERR(D143*E143),"",IF(D143*E143=0,"",ROUND(D143*E143,2))))
F144: =IF(OR(AND(D144="Prov",E144="Sum"),(E144="PC Sum")),". . . . . . . . .00",IF(ISERR(D144*E144),"",IF(D144*E144=0,"",ROUND(D144*E144,2))))
A145: 2.1.14.1 | B145: For double door frame size 1 800 x 2 100mm high through 230mm brick wall | C145: No | D145: 3 | F145: =IF(OR(AND(D145="Prov",E145="Sum"),(E145="PC Sum")),". . . . . . . . .00",IF(ISERR(D145*E145),"",IF(D145*E145=0,"",ROUND(D145*E145,2))))
B149: Total Carried Forward
B152: Total Brought Forward
A154: 2.1.14.2 | B154: For double door frame size 2 350 x 2 100mm high through 230mm brick wall | C154: No | D154: 1 | F154: =IF(OR(AND(D154="Prov",E154="Sum"),(E154="PC Sum")),". . . . . . . . .00",IF(ISERR(D154*E154),"",IF(D154*E154=0,"",ROUND(D154*E154,2))))
B156: MAKING GOOD FINISHES, ETC. | F156: =IF(OR(AND(D156="Prov",E156="Sum"),(E156="PC Sum")),". . . . . . . . .00",IF(ISERR(D156*E156),"",IF(D156*E156=0,"",ROUND(D156*E156,2))))
...

Sheet PS
A2: ='Building Works'!A1 -> NATIONAL ZOOLOGICAL GARDENS OF SOUTH AFRICA - PRETORIA
A3: ='Building Works'!A2 -> REPTILE PARK - REPAIR AND RENOVATIONS
A4: SCHEDULE 3: PROVISIONAL SUMS
A6: ITEM | B6: PAYMENT | C6: DESCRIPTION | D6: UNIT | E6: QTY | F6: RATE | G6: AMOUNT
A7: NO | B7: CLAUSE
C9: SELECTED SUB-CONTRACTOR WORKS
C11: AIR-CONDITIONING INSTALLATION
A13: 3.1 | C13: Provide the sum of R150 000.00 (One Hundred and Fifty Thousand Rands) for Air-conditioning Installation complete including issuing of certificate of compliance | D13: Item | E13: 1 | F13: 150000 | G13: =E13*F13 -> 150000
A15: 3.2 | C15: Allow for profit | D15: % | F15: =F13 -> 150000 | G15: =IF(OR(AND(E15="Prov",F15="Sum"),(F15="PC Sum")),". . . . . . . . .00",IF(ISERR(E15*F15),"",IF(E15*F15=0,"",ROUND(E15*F15,2))))
G16: =IF(OR(AND(E16="Prov",F16="Sum"),(F16="PC Sum")),". . . . . . . . .00",IF(ISERR(E16*F16),"",IF(E16*F16=0,"",ROUND(E16*F16,2))))
A17: 3.3 | C17: Allow for attendance | D17: % | F17: =F15 -> 150000 | G17: =IF(OR(AND(E17="Prov",F17="Sum"),(F17="PC Sum")),". . . . . . . . .00",IF(ISERR(E17*F17),"",IF(E17*F17=0,"",ROUND(E17*F17,2))))
C19: SIGNAGE INSTALLATION
A21: 3.4 | C21: Provide the sum of R10,000.00 (Ten Thousand Rands) for taking out and replacement of signage | D21: Item | E21: 1 | F21: 10000 | G21: =E21*F21 -> 10000
A23: 3.5 | C23: Allow for profit | D23: % | F23: =F21 -> 10000 | G23: =IF(OR(AND(E23="Prov",F23="Sum"),(F23="PC Sum")),". . . . . . . . .00",IF(ISERR(E23*F23),"",IF(E23*F23=0,"",ROUND(E23*F23,2))))
G24: =IF(OR(AND(E24="Prov",F24="Sum"),(F24="PC Sum")),". . . . . . . . .00",IF(ISERR(E24*F24),"",IF(E24*F24=0,"",ROUND(E24*F24,2))))
A25: 3.6 | C25: Allow for attendance | D25: % | F25: =F23 -> 10000 | G25: =IF(OR(AND(E25="Prov",F25="Sum"),(F25="PC Sum")),". . . . . . . . .00",IF(ISERR(E25*F25),"",IF(E25*F25=0,"",ROUND(E25*F25,2))))
G27: =IF(OR(AND(E27="Prov",F27="Sum"),(F27="PC Sum")),". . . . . . . . .00",IF(ISERR(E27*F27),"",IF(E27*F27=0,"",ROUND(E27*F27,2))))
G28: =IF(OR(AND(E28="Prov",F28="Sum"),(F28="PC Sum")),". . . . . . . . .00",IF(ISERR(E28*F28),"",IF(E28*F28=0,"",ROUND(E28*F28,2))))
G29: =IF(OR(AND(E29="Prov",F29="Sum"),(F29="PC Sum")),". . . . . . . . .00",IF(ISERR(E29*F29),"",IF(E29*F29=0,"",ROUND(E29*F29,2))))
G53: =IF(OR(AND(E53="Prov",F53="Sum"),(F53="PC Sum")),". . . . . . . . .00",IF(ISERR(E53*F53),"",IF(E53*F53=0,"",ROUND(E53*F53,2))))
G54: =IF(OR(AND(E54="Prov",F54="Sum"),(F54="PC Sum")),". . . . . . . . .00",IF(ISERR(E54*F54),"",IF(E54*F54=0,"",ROUND(E54*F54,2))))
A68: SUB-TOTAL CARRIED FORWARD TO SUMMARY
